[Event "Early-Titled-Tuesday-Blitz-April-23-2024"]
[Site "Chess.com"]
[Date "2024.04.23"]
[Round "9"]
[White "ChristianArca"]
[Black "jakopogi"]
[Result "1/2-1/2"]
[WhiteElo "2650"]
[BlackElo "2793"]
[TimeControl "180+1"]
[EndTime "9:50:59 PDT"]
[Termination "Game drawn by repetition"]

1. d4 Nf6 2. c4 e5 3. dxe5 Ng4 4. Bf4 Nc6 5. Nf3 Bb4+ 6. Nbd2 Qe7 7. a3 Ngxe5 8.
Nxe5 Nxe5 9. e3 Bxd2+ 10. Qxd2 d6 11. Be2 O-O 12. O-O b6 13. b4 Bb7 14. Rac1 Nd7 15.
Qb2 Rae8 16. Rfd1 f5 17. c5 dxc5 18. Bxc7 f4 19. Bg4 fxe3 20. f4 Nf6 21. Bd6 Qf7 22. Be2 Qg6 23. Bc4+ Rf7 24. Rc2 Ne4 25. bxc5 Rd8 26.
Qa2 Nd2 27. Bxf7+ Qxf7 28. Qxf7+ Kxf7 29. Re1 bxc5 30. Bxc5 Ne4 31. Bxe3 Rd7 32. Bxa7 Nf6 33. Bb6 Nd5 34. Bc5 Nxf4 35. Rf2 g5 36. g3 Rd5 37. Be3 Kg6 38. gxf4 gxf4 39. Bxf4 Rd3 40. a4 Ra3 41. Rb2 Bd5 42. Rb6+ Kf5 43. Rb5 Kxf4 44.
Rxd5 Rxa4 45. Rh5 Kg4 46. Rxh7 Ra2 47. Rg7+ Kh3 48. Rg3+ Kh4 49. Re4+ Kh5 50. Rf3 Kg5 51. Rf2 Ra1+ 52. Kg2 Ra3 53. h4+ Kg6 54. Rf5 Kxf5 55. Rb4 Rc3 56. Kh2 Ra3 57. Kg2 Rc3 58. Kh2 Ra3 59. Kg1 Rc3 60. Ra4 Rg3+ 61. Kh2 Rg4 62.
Ra5+ Kf4 63. Kh3 Rg3+ 64. Kh2 Rg4 65. Ra4+ Kf5 66. Ra5+ Kf4 1/2-1/2

[Event "Early-Titled-Tuesday-Blitz-April-23-2024"]
[Site "Chess.com"]
[Date "2024.04.23"]
[Round "9"]
[White "LionelMessiFCB"]
[Black "TokChess"]
[Result "0-1"]
[WhiteElo "2471"]
[BlackElo "2620"]
[TimeControl "180+1"]
[EndTime "9:50:59 PDT"]
[Termination "TokChess won by resignation"]

1. c4 Nf6 2. g3 g6 3. Bg2 Bg7 4.
Nc3 d6 5. Nf3 O-O 6. O-O e5 7.
d4 exd4 8. Nxd4 Re8 9. h3 Nbd7 10. b3 Nc5 11. Bb2 Nfe4 12. Qc2 Nxc3 13. Bxc3 a5 14.
a3 c6 15. b4 axb4 16. axb4 Rxa1 17. Rxa1 Ne6 18. e3 Nxd4 19. exd4 Bf5 20. Qd2 d5 21. g4 Be6 22. c5 Bf6 23. f4 Bd7 24. Re1 Bh4 25.
Rxe8+ Qxe8 26. Bf3 h5 27. g5 Bxh3 28. Kh2 Bf5 29. Qe2 Qxe2+ 30. Bxe2 Bf2 31. Kg2 Be3 32. Kg3 Bc1 33. b5 h4+ 34. Kxh4 Bxf4 35. b6 Kf8 36. Bg4 Bxg4 37. Kxg4 Bc1 38. Be1 Ke7 39. Bf2 Ke6 40.
Bg1 Bd2 41. Bf2 Bc3 42. Be3 Be1 43. Bg1 f6 44. Be3 Bc3 45. gxf6 Kxf6 46. Bg5+ Ke6 47.
Be3 Kf6 48. Bg5+ Kg7 49. Be3 Bb2 50. Bf2 Kf7 51. Kf4 Kf6 52. Bh4+ Ke6 53. Bf2 Ba3 54. Kg5 Bb4 55. Kxg6 Bd2 56. Kg7 Bf4 57. Kf8 Kd7 58. Kf7 Bh2 59. Kf6 Bf4 60. Kf5 Bc1 61. Kg4 Ke6 62. Kh5 Kf5 63. Bg1 Ke4 64. Kg6 Bb2 65. Kf7 Bxd4 66. Ke7 Bxg1 67. Kd7 Bxc5 68. Kc7 Bxb6+ 69.
Kxb7 d4 70. Kxc6 d3 71. Kxb6 d2 72. Kc5 d1=Q 73. Kc6 Qd5+ 74. Kc7 Qe6 75. Kb7 Kd5 76. Kc7 Kc5 77. Kb7 Qd7+ 78. Kb8 Kb6 0-1

[Event "Early-Titled-Tuesday-Blitz-April-23-2024"]
[Site "Chess.com"]
[Date "2024.04.23"]
[Round "9"]
[White "zverr1"]
[Black "David_George21"]
[Result "1-0"]
[WhiteElo "2476"]
[BlackElo "2326"]
[TimeControl "180+1"]
[EndTime "9:51:00 PDT"]
[Termination "zverr1 won by checkmate"]

1. e4 c5 2. Nf3 d6 3. Nc3 Nc6 4. Bb5 a6 5. Bxc6+ bxc6 6. d4 cxd4 7.
Nxd4 c5 8. Nf3 Nf6 9. e5 dxe5 10.
Qxd8+ Kxd8 11. Nxe5 Ke8 12. O-O e6 13. Be3 Be7 14.
Na4 Nd7 15. Nc6 Bf8 16. Rad1 Bb7 17. Na5 Be4 18. f3 Bxc2 19. Rxd7 Bxa4 20. Rb7 Be7 21. b3 Bd7 22. Nc4 Rd8 23. Ne5 Bb5 24. Rc1 f6 25.
Nc4 Rd7 26. Rxd7 Kxd7 27. a4 Bc6 28. Na5 Bd5 29. Bxc5 Rc8 30. b4 Bd8 31. Nc4 Rb8 32. Ne3 Bc6 33. Rd1+ Ke8 34. Ra1 Bd7 35. Nc4 Bc7 36.
Kf2 Kd8 37. g3 e5 38. Nb2 Be6 39. Rd1+ Kc8 40. Rc1 a5 41. Bd6 Rb7 42. Rxc7+ Rxc7 43. Bxc7 Kxc7 44. bxa5 Kb7 45. Nd3 Bc4 46. Nb4 Ka7 47.
Ke3 Bb3 48. f4 Bxa4 49. fxe5 fxe5 50. Ke4 Bd7 51. Kxe5 g6 52. Kf6 Bf5 53. Kg7 h5 54. Kf6 Bb1 55. h4 Bf5 56. Ke5 Bb1 57. Kd4 Bf5 58.
Kc5 Bb1 59. Kb5 Bf5 60. Nc6+ Ka8 61. a6 Bd3+ 62. Kb6 Be4 63. Nb4 Bf3 64. Kc5 Be4 65. Kd6 Ka7 66. Ke5 Bb1 67. Kf6 Bf5 68. Nc6+ Kxa6 69.
Ne7 Bg4 70. Nxg6 Kb6 71. Kg5 Kc6 72. Ne5+ Kd5 73. Nxg4 hxg4 74. Kxg4 Ke6 75. Kg5 Kf7 76. Kh6 Kg8 77. Kg6 Kh8 78. g4 Kg8 79. g5 Kh8 80.
Kf7 Kh7 81. g6+ Kh6 82. g7 Kh5 83. g8=Q Kxh4 84. Qg2 Kh5 85. Qg3 Kh6 86. Qh4# 1-0

[Event "Early-Titled-Tuesday-Blitz-April-23-2024"]
[Site "Chess.com"]
[Date "2024.04.23"]
[Round "9"]
[White "hongnhung1234"]
[Black "EliteChess0967"]
[Result "1/2-1/2"]
[WhiteElo "2537"]
[BlackElo "2436"]
[TimeControl "180+1"]
[EndTime "9:51:01 PDT"]
[Termination "Game drawn - insufficient material"]

1. e4 e5 2. Nf3 Nc6 3. d4 exd4 4. Nxd4 Qf6 5. Be3 Bc5 6. c3 Nge7 7. Bc4 O-O 8. O-O d6 9. Nc2 Bxe3 10. Nxe3 Be6 11.
Nd2 Rad8 12. Qa4 d5 13. exd5 Nxd5 14. Nxd5 Bxd5 15. Bxd5 Rxd5 16. Ne4 Qg6 17. Rad1 Rfd8 18. Ng3 h6 19. Qb3 Rxd1 20. Rxd1 Rxd1+ 21. Qxd1 Qe6 22. b3 Qe5 23. Qd2 a5 24. h3 a4 25. Ne2 axb3 26.
axb3 Qe6 27. c4 Qe7 28. Nf4 Qb4 29. Qe3 Qe7 30. Qg3 Nd4 31. Kh2 Qe5 32. Nd5 Qxg3+ 33. Kxg3 c6 34. Ne7+ Kf8 35. Nc8 Nxb3 36. Kf4 Nc5 37.
f3 g6 38. Ke5 b5 39. cxb5 cxb5 40. Kd5 Nd3 41. Nd6 b4 42. Kc4 Nf4 43. g3 Nxh3 44. Kxb4 Ng5 45. f4 Ne6 46. Kc4 Kg7 47. Kd5 h5 48.
Ke5 Nc5 49. Ne8+ Kf8 50. Nd6 Nd7+ 51. Ke4 Ke7 52. Nc4 Nf6+ 53. Ke5 Ng4+ 54. Kd5 Kf6 55. Ke4 Nf2+ 56. Kf3 Ng4 57. Ke4 Nh6 58. Nd6 Nf5 59.
Nxf5 gxf5+ 60. Kd5 Kg7 61. Kd6 Kf6 62. Kd5 Kg7 63.
Kd6 Kh6 64. Kd5 h4 65. gxh4 Kh5 66. Ke5 Kxh4 67. Kxf5 Kg3 68. Kg5 Kf3 69. Kf5 Ke3 70. Ke5 Kf3 71. f5 Kg4 72. Kf6 Kf4 73. Kxf7 Kxf5 1/2-1/2

[Event "Early-Titled-Tuesday-Blitz-April-23-2024"]
[Site "Chess.com"]
[Date "2024.04.23"]
[Round "9"]
[White "mishanick"]
[Black "Sam_ChessMood"]
[Result "1-0"]
[WhiteElo "3165"]
[BlackElo "2981"]
[TimeControl "180+1"]
[EndTime "9:51:05 PDT"]
[Termination "mishanick won by resignation"]

1. d4 Nf6 2. c4 e6 3. Nc3 Bb4 4. e3 O-O 5. Bd3 d5 6. a3 dxc4 7. Bxc4 Be7 8. Nf3 c5 9. O-O a6 10. Qe2 b5 11. Ba2 b4 12. axb4 cxb4 13. Na4 a5 14. Bc4 Nbd7 15. b3 Bb7 16. Bb2 Qb8 17. Nd2 e5 18. Rac1 Bd6 19. h3 Re8 20. Rfd1 Ra7 21.
Bb5 Ba8 22. dxe5 Bxe5 23. Bxe5 Rxe5 24. Bc6 h6 25. Bxa8 Rxa8 26. Nc4 Re6 27. Rd4 Qa7 28. Rcd1 Rae8 29. Qf3 Ne5 30. Nxe5 Rxe5 31. Qc6 Qe7 32. Nb2 Qe6 33. Qc2 Rg5 34. Kh1 Ne4 35. Nc4 Nc3 36. R1d3 Rc5 37. Rd6 Qf5 38. Rd8 Qe6 39. R3d6 Qe7 40. Qd3 Rc8 41. R8d7 Qe4 42. Nxa5 Ra8 43.
Nc4 Ra2 44. Rd8 Rxd8 45. Rxd8+ Kh7 46. f3 Qxd3 47. Rxd3 Ra1+ 48. Kh2 Rb1 49. Na5 g5 50. Rd7 Kg6 51. Rb7 Na2 52. Rb6+ Kg7 53. Kg3 h5 54. h4 gxh4+ 55. Kxh4 Rh1+ 56. Kg3 h4+ 57. Kg4 Rg1 58. Kxh4 Rxg2 59. Nc6 Rb2 60. Nd4 Rd2 61. Nf5+ Kh7 62. Kg5 Rg2+ 63. Kf4 Rg6 64. Rb7 Re6 65. Rxf7+ Kg6 66.
Rb7 Nc3 67. e4 Ne2+ 68. Ke3 Nc3 69. Nd4 Ra6 70. Rxb4 Ra2 71. Rb6+ Kg5 72. Ne6+ Kh4 73. Nd4 Nd1+ 74. Kf4 Kh3 75. e5 Nc3 76. Rh6+ Kg2 77. e6 Rd2 78. Ke5 Rd1 79. e7 Re1+ 80. Kd6 1-0

[Event "Early-Titled-Tuesday-Blitz-April-23-2024"]
[Site "Chess.com"]
[Date "2024.04.23"]
[Round "9"]
[White "theoneandonlydaaevik"]
[Black "Kimkibo"]
[Result "1-0"]
[WhiteElo "2595"]
[BlackElo "2436"]
[TimeControl "180+1"]
[EndTime "9:51:05 PDT"]
[Termination "theoneandonlydaaevik won on time"]

1. d4 d5 2. c4 e6 3. Nf3 Nf6 4. Nc3 Nbd7 5. Qc2 c6 6. e4 dxe4 7. Nxe4 Bb4+ 8. Bd2 Bxd2+ 9. Nfxd2 e5 10. Nd6+ Kf8 11.
dxe5 Nxe5 12. c5 b6 13. Be2 Bg4 14. Bxg4 bxc5 15. O-O Qxd6 16. Be2 g6 17. Rfd1 Qe7 18. Nb3 Kg7 19. Nxc5 Nd5 20. g3 Rab8 21. Rac1 Rhd8 22.
a3 a5 23. b3 h5 24. Qe4 Qf6 25. f4 Ng4 26. Bxg4 hxg4 27. Qe5 Qxe5 28. fxe5 Re8 29. Re1 Re7 30. e6 f5 31. Kf2 Kf6 32. Nd7+ Rxd7 33. exd7 Ne7 34. Rcd1 Rd8 35. Rd6+ Kf7 36. Ree6 Nd5 37.
Rxg6 Nc3 38. Rgf6+ Ke7 39. Rfe6+ Kf7 40. Ke3 Nb5 41. Rxc6 Rxd7 42. Rf6+ Ke7 43. Rxf5 Nxa3 44. Rxa5 Nb1 45. Re5+ Kf7 46. Rf5+ Ke7 47. Rf2 Na3 48. Ra2 Nb5 49. Ra5 Nd4 50. Rc3 Ne6 51. Ke4 Kf6 52.
Rf5+ Kg6 53. Rd5 Ng5+ 54. Ke5 Re7+ 55. Kd6 Re2 56. Kc7 Rxh2 57. b4 Rb2 58. b5 Ne4 59.
Rc6+ Kg7 60. Rd7+ Kf8 61. Kb6 Nf6 62. Rc8+ 1-0

[Event "Early-Titled-Tuesday-Blitz-April-23-2024"]
[Site "Chess.com"]
[Date "2024.04.23"]
[Round "9"]
[White "alexrustemov"]
[Black "nekotyanof"]
[Result "0-1"]
[WhiteElo "2849"]
[BlackElo "2684"]
[TimeControl "180+1"]
[EndTime "9:51:11 PDT"]
[Termination "nekotyanof won by checkmate"]

1. d4 Nf6 2. c4 g6 3. Nf3 Bg7 4. g3 c6 5. b3 d5 6. Bb2 O-O 7.
Bg2 c5 8. O-O dxc4 9. bxc4 Qb6 10. Qc1 Ne4 11. e3 Nc6 12. h3 cxd4 13. Nxd4 Nxd4 14. exd4 Bxd4 15. Bxd4 Qxd4 16. Na3 Nxg3 17. Re1 Nh5 18. Qe3 Qxe3 19. fxe3 Rb8 20. Rab1 b6 21.
Nb5 a6 22. Nc7 Nf6 23. c5 b5 24. c6 Bf5 25. e4 Rbc8 26. Nxa6 Be6 27. Rec1 Bc4 28. a4 Bd3 29. Rb3 Bc4 30. Rb4 Rxc6 31. axb5 Bxb5 32. Rxc6 Bxc6 33. e5 Bxg2 34. exf6 Bxh3 35.
fxe7 Re8 36. Rb7 Kg7 37. Nb4 Be6 38. Rc7 Kf6 39. Nc6 Bd5 40. Nb4 Be4 41. Rc4 Rxe7 42. Kf2 Bb7 43. Rc5 h5 44. Rb5 Kg7 45. Rb6 f6 46. Nd3 g5 47. Nc5 Be4 48. Ne6+ Kg6 49.
Nc5 Bf5 50. Rd6 h4 51. Nb3 h3 52. Nd4 Be4 53. Kg3 Rh7 54. Ne6 h2 55. Nf8+ Kf7 56. Rd7+ Kxf8 57. Rxh7 h1=Q 58. Rxh1 Bxh1 59. Kg4 Kf7 60.
Kf5 Ba8 61. Kg4 Kg6 62. Kg3 f5 63. Kf2 Kf6 64. Kg3 Ke5 65. Kf2 Kf4 66. Kg1 Kf3 67. Kf1 Bb7 68. Kg1 Bc6 69. Kf1 Bd5 70. Kg1 Be4 71.
Kh2 g4 72. Kg1 Kg3 73. Kf1 Kh2 74. Ke1 f4 75. Kd2 Bd5 76. Kc3 Bc6 77. Kd4 Bb7 78. Ke5 f3 79. Kd6 Ba8 80. Kc7 Be4 81. Kb8 Bb1 82. Kc7 g3 83. Kd6 f2 84. Ke5 Bh7 85.
Kd6 Bg8 86. Ke7 Ba2 87. Kd8 Bb3 88. Kc7 Kg1 89. Kd6 g2 90. Kc5 Bc2 91. Kd6 Bd1 92.
Kc7 f1=Q 93. Kd8 Kf2 94. Ke7 g1=Q 95. Kd6 Qe2 96. Kc7 Bc2 97. Kb6 Qgd1 98. Kc5 Qed2 99. Kc6 Qd6+ 100. Kb7 Be4+ 101. Kc8 Bb7+ 102. Kxb7 Q1d5+ 103. Kc8 Qd7+ 104. Kb8 Qb3+ 105. Ka8 Qbb7# 0-1

[Event "Early-Titled-Tuesday-Blitz-April-23-2024"]
[Site "Chess.com"]
[Date "2024.04.23"]
[Round "9"]
[White "Lady_Nika"]
[Black "LeRoidesChampions"]
[Result "1-0"]
[WhiteElo "2482"]
[BlackElo "2600"]
[TimeControl "180+1"]
[EndTime "9:51:15 PDT"]
[Termination "Lady_Nika won by resignation"]

1. d4 Nf6 2. e3 g6 3. f4 Bg7 4. Nf3 O-O 5. c3 d6 6. Be2 Nbd7 7. O-O e5 8. Na3 Re8 9. Nc2 b6 10. fxe5 dxe5 11. d5 Bb7 12. c4 e4 13. Ng5 Ne5 14. Nd4 h6 15. Nh3 Qd6 16. Bd2 a6 17. Be1 c5 18. Nc2 Bc8 19. Bg3 Bxh3 20. gxh3 Qd7 21.
Kg2 Nh7 22. Rb1 Ng5 23. h4 Qh3+ 24. Kh1 Ngf3 25. Ne1 Nxh2 26. Bxh2 Ng4 27. Bxg4 Qxf1+ 28. Bg1 h5 29. Qe2 Qf6 30. Bh3 Qxh4 31. Qh2 Be5 32. Qg2 Bg3 33. Nc2 Re5 34. Bh2 Rg5 35. Rg1 Bxh2 36.
Qxh2 Rxg1+ 37. Kxg1 f5 38. Bg2 Qf6 39. Qg3 h4 40.
Qc7 Qxb2 41. Qc6 Rf8 42. Qxg6+ Qg7 43. Qh5 Rf6 44. Qxh4 Rg6 45. Qd8+ Kh7 46. Qh4+ Rh6 47. Qf4 Qf6 48. Ne1 Rh4 49. Qc7+ Kh6 50. d6 f4 51. Qe7 Qg6 52. Qf8+ Kh7 53. exf4 e3 54. f5 Qg3 55. Qe7+ Kh6 56. Qf6+ Kh7 57. Qg6+ Qxg6 58. fxg6+ Kxg6 59. Nf3 Kf6 60. Nxh4 Ke6 61. Nf5 e2 62. Kf2 b5 63. Kxe2 b4 64. Bd5+ Kd7 65. Ne3 a5 66.
Nf5 a4 67. Kd2 Kd8 68. Kc2 Kd7 69. Kb2 Kc8 70. Bc6 Kd8 71. Ne3 Kc8 72. Ng4 Kd8 73. Nf6 a3+ 74. Kb3 Kc8 75. Ne4 Kd8 76. Nxc5 Kc8 77.
d7+ Kb8 78. d8=Q+ Ka7 79. Qa8+ 1-0

[Event "Early-Titled-Tuesday-Blitz-April-23-2024"]
[Site "Chess.com"]
[Date "2024.04.23"]
[Round "9"]
[White "AlexTruskavetsky"]
[Black "FGHSMN"]
[Result "0-1"]
[WhiteElo "2687"]
[BlackElo "2907"]
[TimeControl "180+1"]
[EndTime "9:51:16 PDT"]
[Termination "FGHSMN won on time"]

1. e4 e6 2. d4 d5 3. Nd2 Nf6 4.
e5 Nfd7 5. c3 c5 6. Ngf3 Nc6 7.
Bd3 Be7 8. O-O Qb6 9. dxc5 Nxc5 10. Bc2 Qc7 11. Nb3 Nxe5 12. Nxc5 Nxf3+ 13. Qxf3 Bxc5 14. Bf4 Bd6 15. Bxd6 Qxd6 16. Rad1 b5 17. Rfe1 O-O 18.
Qd3 g6 19. Qxb5 Rb8 20. Qa5 Rxb2 21. Rc1 Qb6 22. Qa3 Bd7 23. Rb1 Rb8 24. h4 Rxb1 25.
Rxb1 Qc7 26. Rxb8+ Qxb8 27. Qe7 Qe8 28. Qf6 h5 29. f3 e5 30. g4 hxg4 31. h5 gxh5 32. Qh6 e4 33. Qg5+ Kf8 34. fxe4 dxe4 35. Qxh5 Qe6 36. Qc5+ Ke8 37. Qxa7 f5 38. Qb8+ Ke7 39. a4 Qd6 40. Qh8 Qg3+ 41. Kf1 Qf3+ 42. Ke1 Qe3+ 43. Kd1 Qg1+ 44. Kd2 Qf2+ 45. Kc1 Qc5 46.
Qg7+ Kd8 47. Qg5+ Kc7 48. Qf4+ Qd6 49. Qe3 Bc6 50. a5 Qa3+ 51. Kd2 Qxa5 52. Qf4+ Kb7 53.
Bb3 Bd7 54. Qd6 Qc7 55. Qb4+ Qb6 56. Qe7 Kc7 57. Qg5 Qd6+ 58. Kc2 Qh2+ 59. Kb1 Qe5 60. Qe3 f4 61. Qa7+ Kd8 62. Qa8+ Ke7 63. Qa7 e3 64.
Ba4 Qe4+ 65. Bc2 Qd5 66. Qa3+ Qd6 67. Qa8 e2 68. Qh1 Qb6+ 69. Ka1 Qe6 70. Qe1 g3 71.
Bd3 f3 72. Kb2 f2 73. Qxe2 Qxe2+ 74. Bxe2 g2 0-1

[Event "Early-Titled-Tuesday-Blitz-April-23-2024"]
[Site "Chess.com"]
[Date "2024.04.23"]
[Round "9"]
[White "Cipy77"]
[Black "Anu-triz"]
[Result "1-0"]
[WhiteElo "2558"]
[BlackElo "2181"]
[TimeControl "180+1"]
[EndTime "9:51:16 PDT"]
[Termination "Cipy77 won by checkmate"]

1. a3 a6 2. c4 c5 3. Nf3 Nf6 4. b3 b6 5. Bb2 Bb7 6. e3 e6 7.
Be2 Be7 8. O-O O-O 9. d4 d5 10.
cxd5 Bxd5 11. Nc3 Bb7 12. Qc2 Nc6 13. Rfd1 Qc7 14. Rac1 Rac8 15. Qb1 cxd4 16. exd4 Qf4 17. d5 exd5 18. Nxd5 Nxd5 19. Rxd5 Na5 20. Rd4 Rxc1+ 21.
Bxc1 Qc7 22. Bf4 Qc3 23. Rd3 Qc6 24. b4 Nc4 25. Rc3 b5 26. Bd3 h6 27. Qf1 Bf6 28.
Rc1 Qd5 29. Bxc4 bxc4 30. Qxc4 Bb2 31. Qxd5 Bxd5 32. Rb1 Bxa3 33. Nd4 Be4 34. Re1 Bg6 35.
Nc6 Bb2 36. Bd6 Ra8 37. h4 Kh7 38. Re7 Bc3 39. Rc7 a5 40. Nxa5 Bd4 41. Nc6 Ra1+ 42. Kh2 Bxf2 43. Bc5 Bxc5 44. bxc5 Rc1 45. Ne7 Be4 46.
Kg3 Rc2 47. Kf4 Bxg2 48. Nf5 Rc4+ 49. Ke5 f6+ 50. Ke6 Kg6 51. Rxg7+ Kh5 52. Rxg2 Rxc5 53. Kxf6 Rc6+ 54. Kg7 Rc7+ 55. Kf6 Rc6+ 56. Ke5 Rc5+ 57.
Ke4 Rc4+ 58. Kf3 Rc3+ 59. Ne3 Ra3 60. Rh2 Rb3 61. Rh3 Ra3 62. Kf4 Ra4+ 63. Kg3 Ra3 64. Kf2 Ra2+ 65. Ke1 Ra1+ 66. Ke2 Ra2+ 67. Kd3 Ra3+ 68.
Ke4 Ra4+ 69. Ke5 Rxh4 70. Rf3 Rh1 71. Nf5 Re1+ 72. Kf4 Kg6 73. Rg3+ Kf6 74. Nxh6 Ra1 75. Ng4+ Ke6 76. Re3+ Kf7 77. Ne5+ Kf8 78. Kf5 Rf1+ 79. Ke6 Kg7 80. Rg3+ Kh6 81. Nf7+ Kh7 82. Ke7 Rf2 83.
Kf8 Rf1 84. Rg7# 1-0

[Event "Early-Titled-Tuesday-Blitz-April-23-2024"]
[Site "Chess.com"]
[Date "2024.04.23"]
[Round "9"]
[White "ozates"]
[Black "Brave_spirit12"]
[Result "0-1"]
[WhiteElo "2560"]
[BlackElo "2728"]
[TimeControl "180+1"]
[EndTime "9:51:18 PDT"]
[Termination "Brave_spirit12 won by resignation"]

1. e4 e6 2. d4 d5 3. e5 c5 4. c3 Nc6 5. Nf3 Bd7 6. Be2 f6 7.
O-O fxe5 8. Nxe5 Nxe5 9. dxe5 Qc7 10. Bf4 Nh6 11. Nd2 Nf7 12. Bh5 g6 13. Bg4 h5 14.
Bh3 g5 15. Bg3 g4 16. Bxg4 hxg4 17. Qxg4 O-O-O 18. b4 c4 19. Nf3 Nh6 20. Qd4 Kb8 21. Bf4 Nf5 22. Qd2 Bh6 23. Nd4 Bxf4 24. Qxf4 Nxd4 25.
Qxd4 Rdg8 26. f4 Qd8 27. f5 exf5 28. e6 Bc6 29. Qe5+ Qc7 30. Rae1 d4 31. g3 d3 32.
Qxc7+ Kxc7 33. Rxf5 d2 34. Rd1 Rxg3+ 35. hxg3 Rh1+ 36.
Kf2 Rxd1 37. Ke2 Re1+ 38. Kxd2 Rxe6 39. g4 Rd6+ 40. Kc1 Rd3 41. Kb2 Rg3 42. g5 Rg2+ 43. Ka3 Be4 44. Rc5+ Kb6 45. Re5 Bb1 46. b5 Bxa2 47.
Kb4 Bb3 48. Re6+ Kc7 49. g6 Bc2 50. Re7+ Kc8 51. g7 Bh7 52. Kxc4 Bg8+ 53. Kd4 Ba2 54. Ke5 a5 55. bxa6 bxa6 56. Ra7 Bc4 57. Kd6 Kb8 58.
Re7 a5 59. Kc5 Bb3 60. Kb6 Kc8 61. Kxa5 Kd8 62. Ra7 Ke8 63. Kb4 Bf7 64. Kc5 Rxg7 65. Ra8+ Ke7 66. Ra7+ Kf6 67. Ra6+ Be6 68. Rd6 Ke5 69.
Rd8 Rc7+ 70. Kb4 Rc4+ 71. Kb5 Rxc3 72. Rh8 Kd6 73. Rd8+ Bd7+ 74. Kb4 Rc7 75. Rh8 Be6 76. Rd8+ Ke5 77. Rd1 Bd5 78. Kb5 Kd6 79. Rd2 Rb7+ 80. Ka6 Rb3 81. Rd1 Kc5 82. Rc1+ Bc4+ 83. Ka7 Kd5 84. Ka8 Bd3 85. Ka7 Kd6 86. Ka8 Be4+ 87. Ka7 Bc6 88. Ka6 Kc7 89. Ka5 Rb5+ 90. Ka6 Rb4 91. Ra1 Rb8 0-1

[Event "Early-Titled-Tuesday-Blitz-April-23-2024"]
[Site "Chess.com"]
[Date "2024.04.23"]
[Round "9"]
[White "Witik"]
[Black "SahibSinghKnight"]
[Result "1-0"]
[WhiteElo "2771"]
[BlackElo "2638"]
[TimeControl "180+1"]
[EndTime "9:51:28 PDT"]
[Termination "Witik won by checkmate"]

1. d4 d5 2. Bf4 Nf6 3. e3 g6 4. Nc3 Bg7 5. Nf3 O-O 6. Be2 Nh5 7. Bg5 h6 8. Bh4 g5 9. Ne5 Nf6 10. Bg3 c5 11. h4 g4 12. dxc5 h5 13. a3 Nbd7 14. Nxd7 Bxd7 15. Be5 Bc6 16. b4 a6 17. Qd4 Ne8 18. Bxg7 Nxg7 19. f3 Qc7 20. O-O-O Rad8 21. fxg4 e5 22. Qd2 d4 23. exd4 exd4 24. gxh5 dxc3 25. Qg5 f6 26. Bc4+ Rf7 27. Qxf6 Bd5 28. Rxd5 Rxf6 29. Rd7+ Kh8 30. Rxc7 Nxh5 31. Re1 Rf4 32.
Bd3 Nf6 33. Rxb7 Rxh4 34. c6 Rc8 35. c7 Rh7 36. Bf5 Rcxc7 37. Rxc7 Rxc7 38. Re3 Rg7 39. g3 Nd5 40. Rd3 Ne7 41. Be4 Rg4 42. Bb7 a5 43. bxa5 Ra4 44. a6 Rxa3 45. Kb1 Kg7 46. Rxc3 Rxc3 47. a7 Ra3 48. a8=Q Rxa8 49. Bxa8 Kf6 50. Be4 Kg5 51. Bf3 Nf5 52. g4 Nd4 53.
Bd1 Kf4 54. Kb2 Nb5 55. c4 Nd4 56. Kc3 Ne6 57. Kb4 Ke5 58. Kb5 Kd4 59. Kb4 Ng5 60.
Bc2 Ne6 61. Bf5 Ng7 62. c5 Kd5 63. Kb5 Ne8 64. Kb6 Nf6 65. c6 Kd6 66. Kb7 Nd5 67.
g5 Ke5 68. g6 Kxf5 69. g7 Ne7 70. c7 Kf6 71. c8=Q Nxc8 72. g8=Q Nd6+ 73. Kc6 Nf7 74.
Qf8 Ke6 75. Qe8+ Kf6 76. Kd5 Ng5 77. Qf8+ Nf7 78. Kd4 Ke6 79. Qe8+ Kf6 80. Qc6+ Kf5 81. Qd7+ Kf6 82. Qa7 Ng5 83. Kd5 Kf5 84. Qg7 Ne4 85.
Qe5+ Kg4 86. Qxe4+ Kg3 87. Qf5 Kg2 88. Ke4 Kh1 89.
Qg4 Kh2 90. Kf3 Kh1 91. Qg2# 1-0

[Event "Early-Titled-Tuesday-Blitz-April-23-2024"]
[Site "Chess.com"]
[Date "2024.04.23"]
[Round "9"]
[White "amylazy"]
[Black "Zavgorodniy_Sergiy"]
[Result "1/2-1/2"]
[WhiteElo "2465"]
[BlackElo "2586"]
[TimeControl "180+1"]
[EndTime "9:51:31 PDT"]
[Termination "Game drawn - insufficient material"]

1. d4 Nf6 2. Nf3 e6 3. e3 g6 4. Bd3 Bg7 5. O-O O-O 6. c4 d6 7.
Nc3 Qe7 8. b3 e5 9. dxe5 dxe5 10. e4 c6 11. Bb2 Nbd7 12. Bc2 Rd8 13. Qe2 Nf8 14. h3 Ne6 15. Rfd1 Re8 16. Qe3 Nf4 17. Ne2 Nxe2+ 18. Qxe2 Nh5 19. Bc1 Nf4 20. Bxf4 exf4 21. e5 a5 22. Rac1 a4 23. Qd2 axb3 24. axb3 g5 25.
Qd3 h6 26. Nd4 Qxe5 27. Nf3 Qf6 28. Qh7+ Kf8 29. Re1 Rxe1+ 30. Rxe1 Ra1 31. Qe4 Rxe1+ 32. Nxe1 Qe5 33. Nf3 Qxe4 34. Bxe4 Ke7 35. Kf1 Bc3 36. Ke2 f5 37. Bc2 Kd6 38. Kd3 Bb4 39. Nd4 Bc5 40. f3 Bxd4 41. Kxd4 c5+ 42. Kc3 Ke5 43. b4 b6 44.
bxc5 bxc5 45. Kd3 h5 46. Bd1 g4 47. h4 Bb7 48. Be2 Bc6 49. Bd1 Kd6 50. Be2 Kc7 51. Kc3 Kb6 52. Bd1 Ka5 53. Be2 Ka4 54. Bd1+ Ka3 55. Be2 Ka2 56. Kc2 Ka1 57. Kc1 Ba8 58.
Bd1 Bb7 59. Be2 Bc8 60. Bd3 Be6 61. Kc2 Ka2 62. Kc3 Bd7 63. Bc2 Bc6 64. Bxf5 gxf3 65. gxf3 Bxf3 66. Bg6 Bg4 67. Kd2 Kb3 68. Bf7 f3 69.
Ke3 Kc3 70. Bd5 Kc2 71. Kf2 Kd3 72. Bf7 Ke4 73. Bd5+ Kf4 74. Bf7 Ke5 75. Bd5 Kd4 76. Bf7 Kc3 77. Bd5 Bf5 78. Bf7 Be4 79. Bxh5 Kxc4 80.
Bxf3 Bxf3 81. Kxf3 Kd3 82. h5 c4 83. h6 c3 84. h7 c2 85. h8=Q c1=Q 86. Qd8+ Kc2 87. Qc7+ Kb1 88. Qxc1+ Kxc1 1/2-1/2

[Event "Early-Titled-Tuesday-Blitz-April-23-2024"]
[Site "Chess.com"]
[Date "2024.04.23"]
[Round "9"]
[White "artin10862"]
[Black "KogotBobra17"]
[Result "0-1"]
[WhiteElo "2920"]
[BlackElo "2788"]
[TimeControl "180+1"]
[EndTime "9:51:40 PDT"]
[Termination "KogotBobra17 won on time"]

1. e4 e5 2. Nf3 Nc6 3. Bb5 a6 4. Ba4 Nf6 5. Nc3 Bc5 6. O-O O-O 7. Nxe5 Nxe5 8. d4 Bd6 9. f4 Nc4 10. e5 Be7 11. exf6 Bxf6 12. Nd5 c6 13. Nxf6+ Qxf6 14. c3 d5 15. f5 Nd6 16. Bc2 Bd7 17. Qh5 h6 18. Bf4 Ne4 19. Be5 Qg5 20. Qxg5 hxg5 21. Bxe4 dxe4 22. f6 gxf6 23. Rxf6 Kh7 24. Re1 Rae8 25.
Rxe4 Re6 26. h4 Rxf6 27. Bxf6 gxh4 28. Re7 Bc8 29. Bxh4 Kg6 30. Kf2 f6 31. Bg3 Rf7 32.
Re8 Bf5 33. Ke3 Bb1 34. a4 Ba2 35. Bf4 Bd5 36. g3 Rd7 37. a5 Kf7 38. Rb8 Bc4 39.
Kd2 Re7 40. Be3 Bd5 41. Rd8 Bc4 42. Rh8 Bd5 43. Rh2 Bc4 44. Rf2 Kg6 45. Rf4 Rd7 46. Rg4+ Kf7 47. Rh4 Kg6 48. Rh1 Rd5 49. b4 Rd7 50.
Bf4 Kf7 51. Bb8 Re7 52. Rh2 Rd7 53. Ba7 Re7 54. Bc5 Rd7 55. Rh8 Be6 56. Ke3 Bc4 57.
Kf4 Kg6 58. Rb8 Kf7 59. Kf5 Be6+ 60. Kf4 Bc4 61. Rc8 Kg6 62. Rf8 Bd5 63. Ke3 Bc4 64. Rh8 Kg7 65. Rh4 Kf7 66. Rf4 Ke6 67. Re4+ Kf7 68.
Kf4 Bd5 69. Re1 Bc4 70. Bb6 Bd5 71. Bc5 Bc4 72. g4 Bb3 73. Re4 Bc4 74. Re3 Bb3 75. Rh3 Bc4 76. Rh7+ Ke6 77. Rh6 Kf7 78. Rh8 Be6 79.
Rf8+ Kg6 80. Rb8 Bc4 81. Rf8 Kg7 82. Re8 Kf7 83. Rh8 Bd5 84. Rh6 Kg7 85. Rh2 Bc4 86. Re2 Bxe2 0-1

[Event "Early-Titled-Tuesday-Blitz-April-23-2024"]
[Site "Chess.com"]
[Date "2024.04.23"]
[Round "9"]
[White "alvarorodriguezavila"]
[Black "NM_Antelacus"]
[Result "1-0"]
[WhiteElo "2348"]
[BlackElo "2248"]
[TimeControl "180+1"]
[EndTime "9:51:45 PDT"]
[Termination "alvarorodriguezavila won on time"]

1. e4 c5 2. d4 cxd4 3. c3 d3 4. Bxd3 g6 5. c4 Bg7 6. h3 d6 7. Nc3 Nc6 8. Nf3 Nf6 9. O-O O-O 10. Qe2 a6 11. Be3 Qc7 12. Rfc1 Qb8 13. Na4 Nd7 14. Nb6 Nxb6 15. Bxb6 Bd7 16. c5 dxc5 17. Rxc5 Qf4 18. Rd5 Be6 19. Be3 Qc7 20. Rc5 Rfd8 21. Rac1 Qd7 22. Bb1 Rac8 23. Ng5 Ne5 24. Nxe6 Qxe6 25.
f4 Rxc5 26. Rxc5 Nc6 27. e5 Qd7 28. Be4 Qd1+ 29. Qxd1 Rxd1+ 30. Kf2 f6 31. exf6 Bxf6 32.
Bxc6 bxc6 33. Rxc6 Bxb2 34. Rxa6 Ra1 35. a4 Bc3 36.
Kf3 Ra2 37. Rc6 Bb4 38. Rc4 Rxa4 39. Ke4 Kf7 40. Bc5 Bxc5 41. Rxa4 Ke6 42. Ra6+ Bd6 43. g4 Kf6 44. Ra5 h6 45. Rb5 Ke6 46. h4 Kf6 47.
Ra5 Ke6 48. Ra8 Kf6 49. Ra6 Ke6 50. g5 hxg5 51. fxg5 Kf7 52. Kf3 Ke6 53. Kg4 Kf7 54.
Ra2 Kg7 55. Re2 Kf7 56. Rc2 Kg7 57. Rc6 Kf7 58. Rc8 Kg7 59. Rc4 Kf7 60. Kf3 Ke6 61. Ke4 Kf7 62. Kd5 Kg7 63. Re4 Kf7 64. Rd4 Bg3 65. Ra4 Bd6 66. Ke4 Bg3 67. Kf3 Bd6 68.
Kg4 Kg7 69. Re4 Kf7 70. Re2 Kg7 71. h5 gxh5+ 72. Kxh5 Bc5 73. Re6 Bd6 74. g6 Bc5 75. Kg5 Bb4 76. Kf5 Bc5 77. Rc6 Bb4 78. Rc1 Bd6 79. Rh1 Kg8 80. Rh7 Bc5 81. Rf7 Bb4 82. Kg5 Bc5 83. Kh6 Be3+ 84. Kh5 Bc5 85. Kg4 Bd6 86. Kf5 Bc5 87. Ke6 Bb4 88. Rh7 Bc5 89.
Kd7 Bd6 90. Ke8 Bc5 91. Rf7 Bb4 92. Rf3 Kg7 93. Rg3 Bd6 94. Rg4 Bc5 95. Kd7 Bb4 96.
Ke6 Bd6 97. Kf5 Bc5 98. Kg5 Bd6 99. Rc4 Ba3 100. Rc8 1-0